 Dungeon Crawl Stone Soup version 0.30-a0-29-g142975f185 (webtiles) character file.

Game seed: 3300319277702691548

345 Setbun the Basher (level 6, -3/51 HPs)
             Began as a Minotaur Fighter on Aug 27, 2022.
             Slain by Edmund
             ... wielding a +0 flail of protection
              (4 damage)
             ... on level 4 of the Dungeon.
             The game lasted 00:02:31 (3211 turns).

Setbun the Basher (Minotaur Fighter)                Turns: 3211, Time: 00:02:31

Health: -3/51      AC:  6    Str: 23    XL:     6   Next: 32%
Magic:  5/5        EV:  9    Int:  5    God:
Gold:   248        SH:  4    Dex:  9    Spells: 5/5 levels left

rFire   + . .      SeeInvis .    a - +0 flail
rCold   + . .      Faith    .    c - +0 buckler
rNeg    . . .      Spirit   .    b - +0 scale mail
rPois   +          Reflect  .    (helmet restricted)
rElec   +          Harm     .    (no cloak)
rCorr   +          Rampage  .    (no gloves)
Will    .....                    (no boots)
Stlth   ..........               q - amulet of the acrobat
HPRegen 0.17/turn                (no ring)
MPRegen 0.09/turn                (no ring)

@: resistant
A: horns 2, retaliatory headbutt
a: no special abilities


You were on level 4 of the Dungeon.
You visited 1 branch of the dungeon, and saw 4 of its levels.

You collected 248 gold pieces.

Inventory:

Hand Weapons
 a - a +0 flail (weapon)
Armour
 b - a +0 scale mail (worn)
 c - a +0 buckler (worn)
Jewellery
 q - an amulet of the acrobat (around neck)
 u - an amulet of guardian spirit
Scrolls
 g - 4 scrolls of teleportation {unknown}
 h - a scroll of enchant weapon {unknown}
 k - a scroll of identify {unknown}
 s - 2 scrolls of amnesia {unknown}
 v - 2 scrolls of poison {unknown}
Potions
 e - 2 potions of berserk rage {unknown}
 f - a potion of mutation {unknown}
 i - a potion of attraction {unknown}
 j - a potion of haste {unknown}
 l - a potion of brilliance {unknown}
 m - 2 potions of heal wounds {unknown}
 n - 2 potions of lignification {unknown}
 o - a potion of cancellation {unknown}
 p - 2 potions of curing {unknown}
 r - a potion of ambrosia {unknown}
 t - a potion of magic {unknown}
 w - a potion of flight {unknown}


   Skills:
 - Level 3.6 Fighting
 + Level 8.2 Maces & Flails
 - Level 3.6 Armour
 - Level 3.6 Shields


You had 5 spell levels left.
You didn't know any spells.
Your spell library contained the following spells:

 Spells                   Type           Power      Damage    Failure   Level
 Portal Projectile        Hex/Tloc       0%         N/A       99%         3
 Tukima's Dance           Hex            0%         N/A       99%         3
 Blade Hands              Tmut           0%         N/A       100%        5


Dungeon Overview and Level Annotations

Branches:
Dungeon (4/15)
 Temple: D:4-7

Altars:
Hepliaklqana
Qazlal

Shops:
D:3 ?

Annotations:
D:4 Edmund


Innate Abilities, Weirdness & Mutations

You have a pair of horns on your head.
You reflexively headbutt those who attack you in melee.


Message History

Edmund says, "People think my brother is the best.
I think he's crazy."
Edmund hits you with a +0 flail of protection.
You hit Edmund.
Edmund is heavily wounded.
Edmund hits you with a +0 flail of protection.
You hit Edmund but do no damage. Your headbutt misses Edmund.
Edmund is heavily wounded.
Edmund hits you with a +0 flail of protection.
You hit Edmund.
Edmund is heavily wounded.
You block Edmund's attack.
You hit Edmund.
Edmund is severely wounded.
Edmund hits you with a +0 flail of protection.
You hit Edmund.
Edmund is severely wounded.
Edmund hits you with a +0 flail of protection.
* * * LOW HITPOINT WARNING * * *
You hit Edmund.
Edmund is severely wounded.
You block Edmund's attack.
You closely miss Edmund.
Edmund is severely wounded.
Edmund hits you but does no damage.
You closely miss Edmund. You headbutt Edmund.
Edmund is severely wounded.
Edmund hits you with a +0 flail of protection.
* * * LOW HITPOINT WARNING * * *
You closely miss Edmund.
Edmund is severely wounded.
Edmund hits you with a +0 flail of protection!
* * * LOW HITPOINT WARNING * * *
You hit Edmund but do no damage.
Edmund is severely wounded.
Edmund hits you with a +0 flail of protection.
* * * LOW HITPOINT WARNING * * *
You barely miss Edmund.
Edmund is severely wounded.
Edmund hits you with a +0 flail of protection.
You die...

# .### . #...###
.. ##.......
...#####@@#
....(..†###
........#
.#####..# #..##
#..####### ##
##........## #.#
#..........# #.#
#..........#####.#


You could see Edmund.

Vanquished Creatures
  Grinder (D:3)
  Crazy Yiuf (D:2)
  Jessica (D:2)
  3 adders
  A worm (D:3)
  3 dart slugs
  An orc (D:3)
  3 ball pythons
  2 endoplasms
  5 giant cockroaches
  8 goblins
  5 hobgoblins
  4 quokkas
  5 bats
  3 frilled lizards (D:2)
  8 kobolds
  8 rats
62 creatures vanquished.

Vanquished Creatures (others)
  2 fungi (D:2)
2 creatures vanquished.

Grand Total: 64 creatures vanquished

Notes
Turn   | Place    | Note
-------+----------+-------------------------------------------
     0 | D:1      | Setbun the Minotaur Fighter began the quest for the Orb.
     0 | D:1      | Reached XP level 1. HP: 19/19 MP: 0/0
   132 | D:1      | Reached skill level 3 in Maces & Flails
   146 | D:1      | Reached XP level 2. HP: 26/26 MP: 1/1
   504 | D:1      | Found a faded altar of an unknown god.
   612 | D:1      | Reached skill level 4 in Maces & Flails
   933 | D:2      | Noticed Jessica
   940 | D:2      | Killed Jessica
   941 | D:2      | Reached XP level 3. HP: 29/31 MP: 2/2
   982 | D:2      | Reached skill level 5 in Maces & Flails
  1358 | D:2      | Reached XP level 4. HP: 26/39 MP: 3/3
  1958 | D:2      | Found a runed translucent door.
  1959 | D:2      | Noticed Crazy Yiuf
  1964 | D:2      | Killed Crazy Yiuf
  2012 | D:3      | Reached skill level 6 in Maces & Flails
  2092 | D:3      | Found a stormy altar of Qazlal.
  2217 | D:3      | Noticed Grinder
  2229 | D:3      | Found Puttaac's Magic Scroll Boutique.
  2235 | D:3      | Killed Grinder
  2236 | D:3      | Reached skill level 8 in Maces & Flails
  2236 | D:3      | Reached XP level 5. HP: 8/45 MP: 4/4
  2236 | D:3      | Reached XP level 6. HP: 9/51 MP: 5/5
  2611 | D:3      | Found a hazy altar of Hepliaklqana.
  3189 | D:4      | Noticed Edmund
  3209 | D:4      | HP: 2/51 [Edmund/+0 flail of protection (7)]
  3211 | D:4      | Slain by Edmund

Illustrated notes

Levels and vault maps discovered:
D:1:      dpeg_arrival_three_bigger_balls, layout_basic,
          ebering_ecumenical_altar_rust
D:2:      minmay_door_path, layout_basic, amcnicky_mini_rare_corridor_liquid,
          uniq_crazy_yiuf_cottage, uniq_jessica
D:3:      layout_rooms, lemuel_tele_altar, mainiacjoe_overflow_24_doors,
          serial_shops, shop, uniq_grinder
D:4:      layout_cave_pods, minmay_misc_feat_five, st_stairs_2, uniq_edmund

Skill      XL: |  1  2  3  4 |
---------------+-------------+-----
Maces & Flails | 3 4 5 8 |  8.2
Fighting       | |  3.6
Armour         | |  3.6
Shields        | |  3.6

Action                   |  1- 3 |  4- 6 || total
-------------------------+-------+-------++-------
Melee: Flail             |    82 |    96 ||   178
       Headbutt          |     9 |     9 ||    18
  Use: Potion            |       |     2 ||     2
Armor: Scale mail        |    44 |    25 ||    69
Dodge: Dodged            |    38 |    29 ||    67
Block: Buckler           |     7 |    21 ||    28

Table legend: (Time is in decaauts)
 A = Elapsed time spent in this place.
 B = Non-inter-level travel time spent in this place.
 C = Inter-level travel time spent in this place.
 D = Time resting spent in this place.
 E = Time spent auto-exploring this place.
 F = Levels seen in this place.
 G = Mean time per level.
                   A        B        C        D        E       F      G
               +--------+--------+--------+--------+--------+-----+--------+
         Total |   3238 |   3141 |     97 |    271 |   2395 |   4 |  809.5 |
       Dungeon |   3238 |   3141 |     97 |    271 |   2395 |   4 |  809.5 |
               +--------+--------+--------+--------+--------+-----+--------+

Top non-repeatable levels by time:
     D:2: 1094 daAuts
     D:3: 1074 daAuts
     D:1: 935 daAuts
     D:4: 134 daAuts
